 Dungeon Crawl Stone Soup version 0.31.0-2-g5a2aebc5c2 (webtiles) character file.

Game seed: 13988922399533799914

144 apoch the Chopper (level 5, 0/47 HPs)
             Began as a Minotaur Fighter on Jan 20, 2024.
             Splashed by a jelly's acid (5 damage)
             ... on level 4 of the Dungeon.
             The game lasted 00:04:07 (1960 turns).

apoch the Chopper (Minotaur Fighter)                Turns: 1960, Time: 00:04:08

Health: 0/47       AC: -5    Str: 22    XL:     5   Next: 5%
Magic:  4/4        EV:  8    Int:  5    God:
Gold:   106        SH:  4    Dex: 10    Spells: 4/4 levels left

rFire   . . .        a - +0 war axe
rCold   + . .        c - +0 buckler
rNeg    . . .        o - +0 chain mail
rPois   .            (helmet restricted)
rElec   .            (no cloak)
rCorr   .            (no gloves)
SInv    .            l - +0 pair of boots
Will    .....        (no amulet) Stlth
                     t - ring of protection from cold
HPRegen 0.27/turn    (no ring)
MPRegen 0.09/turn

%: no passive effects
@: corroded
A: horns 2, retaliatory headbutt
a: no special abilities


You were on level 4 of the Dungeon.
You visited 1 branch of the dungeon, and saw 4 of its levels.

You collected 106 gold pieces.

Inventory:

Hand Weapons
 a - a +0 war axe (weapon)
Missiles
 p - 8 boomerangs (quivered)
Armour
 b - a +0 scale mail
 c - a +0 buckler (worn)
 l - a +0 pair of boots (worn)
 o - a +0 chain mail (worn)
Jewellery
 j - an amulet of the acrobat
 t - a ring of protection from cold (left hand)
 v - an amulet of reflection
Scrolls
 f - 5 scrolls of identify {unknown}
 g - a scroll of brand weapon {unknown}
 h - 2 scrolls of immolation {unknown}
 k - a scroll of vulnerability {unknown}
 m - a scroll of revelation {unknown}
 q - a scroll of teleportation {unknown}
 r - a scroll of acquirement {unknown}
 u - a scroll of amnesia {unknown}
Potions
 d - 2 potions of might
 e - a potion of attraction {unknown}
 i - 3 potions of degeneration {unknown}
 n - a potion of curing {unknown}
 s - a potion of magic {unknown}
 w - a potion of enlightenment {unknown}


   Skills:
 + Level 4.6 Fighting
 * Level 4.8 Axes
 + Level 4.6 Armour
 - Level 3.6 Shields


You had 4 spell levels left.
You didn't know any spells.
Your spell library contained the following spells:

 Spells                   Type           Power      Damage    Failure   Level
 Apportation              Tloc           0%         N/A       99%         1
 Necrotise                Necr           0%         1d4       99%         1
 Sting                    Conj/Alch      0%         1d3       99%         1
 Summon Small Mammal      Summ           0%         N/A       99%         1
 Ensorcelled Hibernation  Hex/Ice        0%         N/A       99%         2
 Jinxbite                 Hex            0%         N/A       99%         2
 Dazzling Flash           Conj/Hex       0%         N/A       100%        3
 Passwall                 Erth           0%         N/A       100%        3
 Swiftness                Air            0%         N/A       100%        3
 Volatile Blastmotes      Fire/Tloc      0%         2d10      100%        3
 Alistair's Intoxication  Alch           0%         N/A       100%        5
 Starburst                Conj/Fire      0%         6d3       100%        6
 Maxwell's Capacitive Co  Air            0%         ∞         100%        8


Dungeon Overview and Level Annotations

Branches:
Dungeon (4/15)
 Temple: D:4-7

Altars:
Elyvilon
Kikubaaqudgha

Shops:
D:3 !


Innate Abilities, Weirdness & Mutations

You have a pair of horns on your head.
You reflexively headbutt those who attack you in melee.


Message History

You slash the orc!
You kill the orc!
v - an amulet of reflection
Things that are here:
a +0 dagger; an orc corpse
Found a stone staircase leading down.
You see here a +0 club.
w - a smoky cyan potion Done exploring.
Done exploring.
What level of the Dungeon? (default 3, ? - help)
There is a stone staircase leading down here.
You climb downwards.
There is a stone staircase leading up here.
A jelly comes into view.
The jelly quivers.
The jelly barely misses you.
You hit the jelly.
Your hands burn!
The jelly is lightly wounded.
The jelly hits you but does no damage.
You hit the jelly but do no damage.
Your hands burn!
Your headbutt misses the jelly.
The jelly is lightly wounded.
The jelly hits you but does no damage.
You hit the jelly. The acid corrodes you!
Your hands burn!
The jelly is moderately wounded.
A jelly comes into view.
The jelly hits you.
You are splashed with acid!
The jelly quivers.
You slash the jelly! The acid corrodes you!
Your hands burn!
You headbutt the jelly.
You kill the jelly!
You have reached level 5!
You hit the jelly but do no damage. The acid corrodes you!
Your hands burn!
The jelly hits you.
* * * LOW HITPOINT WARNING * * *
The acid corrodes you!
You are splashed with acid!
* * * LOW HITPOINT WARNING * * *
You hit the jelly but do no damage.
Your hands burn!
You die...

#.# #.#
#.# #.#
#.# #.#
#<#
#.####.#
#..@J..#
######.#


You could see a jelly.

Vanquished Creatures
  A jelly (D:4)
  An orc wizard (D:3)
  3 adders
  10 orcs (D:3)
  7 bats
  4 endoplasms
  A giant cockroach (D:2)
  2 goblins
  4 hobgoblins
  6 kobolds
  8 ball pythons
  A frilled lizard (D:1)
  6 rats
54 creatures vanquished.

Notes
Turn   | Place    | Note
-------+----------+-------------------------------------------
     0 | D:1      | apoch the Minotaur Fighter began the quest for the Orb.
     0 | D:1      | Reached XP level 1. HP: 19/19 MP: 0/0
   236 | D:1      | Reached XP level 2. HP: 27/27 MP: 1/1
   835 | D:2      | Reached XP level 3. HP: 27/33 MP: 2/2
  1329 | D:3      | HP: 1/33 [hobgoblin (1)]
  1332 | D:3      | Reached XP level 4. HP: 2/41 MP: 3/3
  1555 | D:3      | Found a white marble altar of Elyvilon.
  1782 | D:3      | Found Paaxkos's Distillery.
  1812 | D:3      | Found an ancient bone altar of Kikubaaqudgha.
  1959 | D:4      | Reached XP level 5. HP: 18/47 MP: 4/4
  1960 | D:4      | Splashed by a jelly's acid

Illustrated notes

Levels and vault maps discovered:
D:1:      ncdulo_lavacross, layout_loops_cross, nicolae_hexahallways
D:2:      layout_rooms, grunt_ministairs_8, kennysheep_doodads,
          chequers_serial_rivers_marsh, kennysheep_nub
D:3:      layout_rooms, mainiacjoe_overflow_surrounded_room,
          mainiacjoe_overflow_small_starburst, serial_shops,
          nicolae_shop_tiny_real_fake_doors, kennysheep_path_1, st_stairs_3
D:4:      layout_loops_ring, uniq_menkaure, uniq_duvessa, uniq_edmund

Skill      XL: |  1  2  3 |
---------------+----------+-----
Axes           | 3 4 |  4.8
Armour         | 4 |  4.6
Fighting       | 4 |  4.6
Shields        | |  3.6

Action                     |  1- 3 |  4- 6 || total
---------------------------+-------+-------++-------
  Melee: War axe           |    68 |    32 ||   100
         Headbutt          |    13 |     2 ||    15
  Throw: Boomerang         |     1 |     4 ||     5
 Armour: Scale mail        |    31 |       ||    31
         Chain mail        |    17 |    13 ||    30
  Dodge: Dodged            |    39 |     6 ||    45
  Block: Buckler           |    17 |     6 ||    23
